 Dungeon Crawl Stone Soup version 0.32-a0-135-g14f8b2e1af (webtiles) character file.

Game seed: 8825894734042834335

1276 Kenran the Martial Artist (level 8, -4/37 HPs)
             Began as a Spriggan Shapeshifter on Feb 10, 2024.
             Was an Initiate of Okawaru.
             Killed from afar by a steam dragon (18 damage)
             ... with a ball of steam
             ... on level 7 of the Dungeon.
             The game lasted 00:13:05 (5563 turns).

Kenran the Martial Artist (Spriggan Shapeshifter)   Turns: 5563, Time: 00:13:05

Health: -4/37      AC:  2    Str: 16    XL:     8   Next: 28%
Magic:  9/9        EV: 17    Int: 12    God:    Okawaru [......]
Gold:   297        SH:  9    Dex: 16    Spells: 7/7 levels left

rFire   . .          .
                       - Unarmed
rCold   . . .        k - +0 buckler
rNeg    . . .        a - +0 animal skin
rPois   .            (helmet currently unavailable)
rElec   .            (cloak currently unavailable)
rCorr   .            (gloves unavailable)
SInv    +            (boots unavailable)
Will    +....        o - amulet of reflection
Stlth   +++          s - +6 ring of strength
HPRegen 0.26/turn    (no ring)
MPRegen 0.11/turn

%: reflection
@: beast-form, studying Stealth, very quick
A: beast (slay +3), very small, no large weapons, unfitting armour, see
invisible, speed 3
a: Begin Untransformation, Renounce Religion


You were on level 7 of the Dungeon.
You worshipped Okawaru.
Okawaru was noncommittal.
You were a hulking beast.
You visited 1 branch of the dungeon, and saw 7 of its levels.
You also visited: Sewer.

You collected 297 gold pieces.

Inventory:

Missiles
 E - 4 poisoned darts (quivered)
Armour
 a - a +0 animal skin (worn)
 k - a +0 buckler (worn)
Jewellery
 o - an amulet of reflection (around neck)
 s - a +6 ring of strength (left hand)
Talismans
 c - a beast talisman
 d - a flux talisman
 B - a blade talisman
Wands
 b - a wand of iceblast (9)
 y - a wand of polymorph (7)
 C - a wand of flame (27)
Scrolls
 i - a scroll of silence
 l - a scroll of poison {!r}
 m - 3 scrolls of enchant armour
 q - 2 scrolls of teleportation
 r - a scroll of blinking
 w - a scroll of fear
 x - a scroll of fog {unknown}
Potions
 e - 2 potions of might {unknown}
 f - 2 potions of enlightenment {unknown}
 g - a potion of invisibility {unknown}
 h - 2 potions of heal wounds {unknown}
 j - 2 potions of berserk rage {unknown}
 n - a potion of cancellation {unknown}
 p - 3 potions of attraction {unknown}
 t - 3 potions of haste {unknown}
 u - a potion of resistance {unknown}
 v - 3 potions of brilliance {unknown}
 z - a potion of magic {unknown}
 A - a potion of degeneration {unknown}
 D - 2 potions of lignification {!q}


   Skills:
 - Level 0.7 Fighting
 - Level 2.6 Dodging
 - Level 5.0 Stealth
 - Level 8.0 Unarmed Combat
 + Level 6.1 Shapeshifting


You had 7 spell levels left.
You didn't know any spells.
Your spell library contained the following spells:

 Spells                   Type           Power      Damage    Failure   Level
 Jinxbite                 Hex            0%         N/A       54%         2
 Yara's Violent Unravell  Hex/Alch       0%         3d3       100%        5
 Enfeeble                 Hex            0%         N/A       100%        7


Dungeon Overview and Level Annotations

Branches:
Dungeon (7/15)              Sewer (visited)
 Temple: D:4-7

Altars:
Dithmenos
Okawaru
The Shining One

Shops:
D:1 (   D:2 :

Annotations:
D:4 pikel, Pikel


Innate Abilities, Weirdness & Mutations

You are a hulking beast.
Your limbs bulge with bestial killing power. (Slay +3)
You are very small and have problems with some larger weapons.
You are too small for most types of armour.
You have supernaturally acute eyesight. (SInv)
You cover ground extremely quickly. (Speed+++)


Message History

HP restored.
Found a shadowy altar of Dithmenos.
Done exploring.
Done exploring.
There is a stone staircase leading down here.
You climb downwards.
There is a stone staircase leading up here.
Found a stone staircase leading down.
An orc comes into view. It is wielding a +0 war axe.
The orc hits you with a +0 war axe.
You punch the orc!
You kill the orc!
Okawaru accepts your kill.
No target in view!
Things that are here:
a +0 war axe; a +0 ring mail A steam dragon comes into view.
You start resting.
HP restored.
You now have 297 gold pieces (gained 36).
The steam dragon hisses angrily.
You start waiting.
A steam dragon is nearby!
The steam dragon breathes steam at you. The ball of steam hits you!!
The steam dragon bites you. The steam dragon misses you.
You are too injured to fight recklessly!
You punch the steam dragon!
The steam dragon is moderately wounded.
You block the steam dragon's attack. x2
You hit the steam dragon.
The steam dragon is heavily wounded.
You punch the steam dragon!
The steam dragon is severely wounded.
You block the steam dragon's attack. The steam dragon claws you.
You hit the steam dragon but do no damage.
The steam dragon is severely wounded.
The steam dragon breathes steam at you. The ball of steam hits you!!
You die...

..##..... #.#.####
#.##.....##.#.#.<#
..........>.#....#
#.# .....#.###....
#.# #### #)# #.##.
#.#.######.# #.##.
# #.#........#
#.##.
#.###D#######..# #
..
#....h§.§.....##
###
#####....####.#
#.........#
#..#..######
#.##..# #. #..# ..
...# ?##....# #.
#.....


You could see a steam dragon (catching breath).

Vanquished Creatures
  Edmund (D:4)
  A sky beast (D:6)
  2 centaurs (D:4)
  3 lemures (D:5)
  A bullfrog (Sewer)
  A gnoll sergeant (D:6)
  A scorpion (D:3)
  3 hounds
  2 jellies
  A sleepcap (D:6)
  Ijyb (D:4)
  An iguana (D:5)
  4 orc wizards
  Robin (D:4)
  9 gnolls
  13 adders
  2 white imps
  10 dart slugs
  A ribbon worm (D:3)
  16 orcs
  7 endoplasms
  9 giant cockroaches
  13 hobgoblins
  5 quokkas
  14 ball pythons
  5 bats
  7 frilled lizards
  11 goblins
  7 kobolds
  3 rats (D:1)
155 creatures vanquished.

Notes
Turn   | Place    | Note
-------+----------+-------------------------------------------
     0 | D:1      | Kenran the Spriggan Shapeshifter began the quest for the
                  | Orb.
     0 | D:1      | Reached XP level 1. HP: 9/9 MP: 2/2
   136 | D:1      | Found a faded altar of an unknown god.
   374 | D:1      | Reached skill level 3 in Unarmed Combat
   374 | D:1      | Reached XP level 2. HP: 14/14 MP: 3/3
   432 | D:1      | Found Ujimn's Weapon Boutique.
   936 | D:2      | Found Onloeror's Book Boutique.
  1053 | D:3      | Reached XP level 3. HP: 10/17 MP: 4/4
  1135 | D:3      | Reached skill level 4 in Unarmed Combat
  1201 | D:3      | You fall into a shaft and drop 3 floors!
  1217 | D:6      | Noticed a wyvern
  1235 | D:5      | Entered Level 5 of the Dungeon
  1235 | D:5      | Found a glowing golden altar of the Shining One.
  1235 | D:5      | Found an iron altar of Okawaru.
  1261 | D:6      | Noticed a sky beast
  1316 | D:4      | Found a glowing drain.
  1322 | D:4      | Reached XP level 4. HP: 12/21 MP: 5/5
  1360 | Sewer    | Entered a sewer
  1689 | Sewer    | Reached XP level 5. HP: 25/25 MP: 6/6
  1827 | Sewer    | Reached skill level 5 in Unarmed Combat
  1987 | D:4      | Noticed a centaur
  1995 | D:4      | Noticed a centaur
  1996 | D:4      | Killed a centaur
  1997 | D:4      | Reached XP level 6. HP: 26/29 MP: 7/7
  2002 | D:4      | Reached skill level 6 in Unarmed Combat
  2128 | D:4      | Reached skill level 1 in Stealth
  2137 | D:4      | HP: 1/29 [orc/+0 mace (3)]
  2659 | D:3      | Reached XP level 7. HP: 32/32 MP: 8/8
  3064 | D:4      | Noticed Ijyb
  3152 | D:4      | Killed Ijyb
  3250 | D:4      | Noticed Robin
  3345 | D:4      | Killed Robin
  3552 | D:4      | Noticed Edmund
  3573 | D:4      | Killed Edmund
  3574 | D:4      | Reached skill level 5 in Stealth
  3574 | D:4      | Reached skill level 7 in Unarmed Combat
  4030 | D:5      | Noticed Pikel
  4181 | D:5      | Reached skill level 5 in Shapeshifting
  4623 | D:5      | a wyvern changed into a steam dragon
  4623 | D:5      | Noticed a steam dragon
  4747 | D:6      | Reached XP level 8. HP: 37/37 MP: 9/9
  4824 | D:5      | Became a worshipper of Warmaster Okawaru
  5350 | D:6      | Reached skill level 8 in Unarmed Combat
  5468 | D:6      | Found a shadowy altar of Dithmenos.
  5563 | D:7      | Killed from afar by a steam dragon

Illustrated notes

Levels and vault maps discovered:
D:1:      dpeg_arrival_tiny_b, layout_basic, shapermc_ecumenical_altar_petra,
          serial_shops, nicolae_shop_behind_doors
D:2:      layout_basic, serial_curves, eino_curves_01, eino_curves_01,
          serial_shops, shop, chequers_garden
D:3:      layout_basic, minmay_tree_intersection, grunt_decor_resistance,
          kennysheep_generic_room_9
D:4:      corexii_shack_village, layout_layer_cave,
          cheibrodos_sewer_entry_sluice, minmay_manual_mares, uniq_ijyb,
          uniq_edmund, uniq_robin
D:5:      layout_cave_pools, nicolae_overflow_hidden_temple,
          serial_bayou_ford_a, chequers_serial_rivers_micro_c,
          minmay_misc_feat_roman, uniq_pikel
D:6:      layout_cave_pools, kennysheep_mini_moat
D:7:      layout_basic, minmay_temple_entry_poolview, uniq_jeremiah

Skill      XL: |  1  2  3  4  5  6  7  8 |
---------------+-------------------------+-----
Unarmed Combat | 3 4 5 6 7 8 |  8.0
Stealth        | 3 5 |  5.0
Shapeshifting  | 5 6 |  6.1
Fighting       | |  0.7
Dodging        | |  2.6

Action                     |  1- 3 |  4- 6 |  7- 9 || total
---------------------------+-------+-------+-------++-------
  Melee: Unarmed           |    68 |   175 |   269 ||   512
  Throw: Dart              |       |       |     4 ||     4
  Evoke: Wand              |       |       |     1 ||     1
    Use: Scroll            |     2 |     1 |     5 ||     8
         Potion            |       |     1 |     1 ||     2
   Stab: Sleeping          |     2 |     2 |     1 ||     5
 Armour: Animal skin       |    18 |    42 |    65 ||   125
         Skin              |       |    20 |     5 ||    25
  Dodge: Dodged            |    59 |    99 |   118 ||   276
  Block: Other             |     6 |       |       ||     6
         Buckler           |     2 |    89 |    89 ||   180
         Reflection        |       |     4 |     1 ||     5

Table legend: (Time is in decaauts)
 A = Elapsed time spent in this place.
 B = Non-inter-level travel time spent in this place.
 C = Inter-level travel time spent in this place.
 D = Time resting spent in this place.
 E = Time spent auto-exploring this place.
 F = Levels seen in this place.
 G = Mean time per level.
                   A        B        C        D        E       F      G
               +--------+--------+--------+--------+--------+-----+--------+
         Total |   4091 |   3968 |    123 |    993 |   1645 |   8 |  511.4 |
       Dungeon |   3491 |   3368 |    123 |    738 |   1607 |   7 |  498.7 |
         Sewer |    600 |    600 |      0 |    254 |     38 |   1 |  600.0 |
               +--------+--------+--------+--------+--------+-----+--------+

Top non-repeatable levels by time:
     D:4: 866 daAuts
     D:5: 808 daAuts
     D:3: 630 daAuts
   Sewer: 600 daAuts
     D:6: 508 daAuts
     D:1: 340 daAuts
     D:2: 282 daAuts
     D:7: 54 daAuts
